 Dungeon Crawl Stone Soup version 0.19.0-11-g3fc08b3 (webtiles) character file.

32 mopl the Scratcher (level 3, 16/17 HPs)
             Began as a Felid Abyssal Knight on Nov 8, 2016.
             Was a Believer of Lugonu.
             Quit the game on level 3 of the Dungeon.
             The game lasted 00:02:56 (2161 turns).

mopl the Scratcher (Felid Abyssal Knight)           Turns: 2161, Time: 00:02:57

Health: 16/17      AC:  1    Str:  8    XL:     3   Next: 8%
Magic:  5/5        EV: 18    Int: 13    God:    Lugonu [**....]
Gold:   172        SH:  0    Dex: 16    Spells: 0 memorised, 2 levels left
                                        Lives:  0   Deaths: 1

rFire  . . .     SeeInvis +       - Unarmed
rCold  . . .     Gourm    .     (armour unavailable)
rNeg   + . .     Faith    .     (shield unavailable)
rPois  .         Spirit   .     (helmet unavailable)
rElec  .         Reflect  .     (cloak unavailable)
rCorr  .         Harm     .     (gloves unavailable)
MR     .....                    (boots unavailable)
Stlth  ++++......               (no amulet)
                                n - ring of stealth
                                k - ring of positive energy

@: seriously poisoned (16 -> 5), quick
A: no armour, no weapons or thrown items, stealth, claws 1, fangs 3, see
invisible, carnivore 3, speed 1, shaggy fur 1, slow metabolism 1, sharp paws
a: Depart the Abyss, Bend Space, Renounce Religion


You were on level 3 of the Dungeon.
You worshipped Lugonu.
Lugonu was pleased with you.
You were completely stuffed.

You visited 1 branch of the dungeon, and saw 3 of its levels.
You visited the Abyss 1 time.

You collected 172 gold pieces.

Inventory:

Jewellery
 d - an uncursed ring of ice
 k - a ring of positive energy (left paw)
 n - a ring of stealth (right paw)
Scrolls
 b - 2 scrolls of identify {unknown}
 c - a scroll of fog {unknown}
 e - 5 scrolls of remove curse {unknown}
 g - a scroll of blinking {unknown}
 i - a scroll of teleportation {unknown}
 l - a scroll of magic mapping {unknown}
 m - 2 scrolls of enchant weapon {unknown}
 q - 3 scrolls of noise {unknown}
Potions
 f - 2 potions of curing {unknown}
 h - 2 potions of cure mutation {unknown}
 j - a potion of resistance {unknown}
 p - 4 potions of heal wounds
 r - a potion of flight {unknown}
Comestibles
 a - 3 meat rations


   Skills:
 - Level 3.0 Fighting
 - Level 3.2 Dodging
 + Level 2.8 Stealth
 * Level 3.4 Unarmed Combat
 + Level 2.3 Invocations


You had 2 spell levels left.
You didn't know any spells.

Dungeon Overview and Level Annotations

Branches:
Dungeon (3/15)

Altars:
Cheibriados

Annotations:
D:3 Terence


Innate Abilities, Weirdness & Mutations

You cannot wear armour.
You are incapable of wielding weapons or throwing items.
Your paws allow you to move quietly. (Stealth)
You have sharp claws.
You have razor-sharp teeth.
You have supernaturally acute eyesight. (SInv)
You are carnivorous and can eat meat at any time.
You cover ground quickly.
You are covered in fur. (AC +1)
You have a slow metabolism.
Your sharp claws are effective at attacking unaware monsters.


Message History

* * * LOW HITPOINT WARNING * * *
You are too injured to fight recklessly!
You are too injured to fight recklessly!
You are too injured to fight recklessly!
You are too injured to fight recklessly!
You scratch the kobold but do no damage.
* * * LOW HITPOINT WARNING * * *
You feel sick. The kobold misses you.
You claw the kobold!
You kill the kobold!
Lugonu accepts your kill.
* * * LOW HITPOINT WARNING * * *
You feel sick.
* * * LOW HITPOINT WARNING * * *
You feel sick.
Things that are here:
a short sword of venom; a kobold corpse It was a potion of heal wounds.
You feel much better.
You feel sick.
Okay, then.
Are you sure you want to abandon this character and quit the game? (Confirm with "yes".)

#.......#
##.######
########.#
.........#########
##.###...........#
##.###.#.#######.#
..........## #.#
##.###.....# #)#
##.###....## #@#
.........## #...#
########.# #.....
# #.# #...### #
#+# ##### # # #
####


There were no monsters in sight!

Vanquished Creatures
  2 adders (D:3)
  3 dart slugs
  2 leopard geckos
  An orc (D:3)
  3 giant cockroaches
  2 goblins
  6 hobgoblins
  4 jackals (D:2)
  4 bats
  2 frilled lizards
  12 kobolds
  6 rats
47 creatures vanquished.

Notes
Turn   | Place    | Note
-------+----------+-------------------------------------------
     0 | Abyss:1  | mopl the Felid Abyssal Knight began the quest for the Orb.
     0 | Abyss:1  | Reached XP level 1. HP: 10/10 MP: 3/3
    14 | D:1      | Escaped the Abyss
    68 | D:1      | Reached skill level 1 in Stealth
    68 | D:1      | Reached XP level 2. HP: 10/14 MP: 4/4
   242 | D:1      | Reached skill level 2 in Invocations
   379 | D:1      | Reached ** piety under Lugonu
   866 | D:2      | Reached XP level 3. HP: 17/17 MP: 5/5
   880 | D:2      | Reached skill level 2 in Stealth
   884 | D:2      | Reached skill level 3 in Unarmed Combat
   897 | D:2      | Found a snail-covered altar of Cheibriados.
  1970 | D:3      | Reached XP level 4. HP: 17/21 MP: 6/6
  2065 | D:3      | Noticed Terence
  2075 | D:3      | Slain by Terence
  2076 | D:3      | Reached XP level 3. HP: 0/17 MP: 5/5
  2161 | D:3      | Quit the game

Skill      XL: |  1  2  3 |
---------------+----------+-----
Stealth        | 1 2 |  2.8
Invocations    | 2 |  2.3
Unarmed Combat | 3 |  3.4
Fighting       | |  3.0
Dodging        | |  3.2

Action                   |  1- 3 |  4- 6 || total
-------------------------+-------+-------++-------
Melee: Unarmed           |   105 |    10 ||   115
       Bite              |     5 |     1 ||     6
       Punch             |     1 |     1 ||     2
  Use: Potion            |     1 |       ||     1
 Stab: Sleeping          |    13 |     1 ||    14
  Eat: Chunk             |    15 |       ||    15
Armor: Skin              |     4 |       ||     4
Dodge: Dodged            |    73 |     5 ||    78
